 Dungeon Crawl Stone Soup version 0.24-b1-1-gac51ba0 (console) character file.

Game seed: 8431467601093875040, levelgen mode: deterministic

525 vegansnacktivist the Geomancer (level 7, 0/50 HPs)
             Began as a Yellow Draconian Earth Elementalist on Oct 13, 2019.
             Was an Initiate of Nemelex Xobeh.
             Slain by a centaur (9 damage)
             ... on level 5 of the Dungeon.
             The game lasted 00:09:53 (5602 turns).

vegansnacktivist the Geomancer (DrEE)               Turns: 5602, Time: 00:09:53

Health: 0/50       AC:  6    Str: 10    XL:     7   Next: 2%
Magic:  13/19      EV: 12    Int: 17    God:    Nemelex Xobeh [......]
Gold:   221        SH:  0    Dex: 12    Spells: 4/10 levels left

rFire    . . .     SeeInvis .   g - +0 dagger (speed)
rCold    + . .     Gourm    .   (no shield)
rNeg     . . .     Faith    .   (armour unavailable)
rPois    .         Spirit   .   (helmet restricted)
rElec    .         Reflect  .   (no cloak)
rCorr    +         Harm     .   (no gloves)
MR       .....                  (no boots)
Stlth    ++........             (no amulet)
HPRegen  0.16/turn              r - ring of protection from cold
MPRegen  0.16/turn              u - ring of magical power

@: very slightly contaminated
A: spit acid, unfitting armour, cold-blooded, acid resistance, AC +6
a: Breathe Acid, Draw Escape, Draw Destruction, Draw Summoning, Renounce
Religion


You were on level 5 of the Dungeon.
You worshipped Nemelex Xobeh.
Nemelex Xobeh was noncommittal.
You were not hungry.

You visited 2 branches of the dungeon, and saw 6 of its levels.
You also visited: Sewer.

You collected 221 gold pieces.

Inventory:

Hand Weapons
 g - a +0 dagger of speed (weapon)
Missiles
 b - 40 stones
 e - 6 boomerangs (quivered)
Armour
 f - a +0 hat
Jewellery
 r - a ring of protection from cold (left hand)
 t - an uncursed ring of protection from fire
 u - a ring of magical power (right hand)
Wands
 s - a wand of digging (4)
Scrolls
 a - 5 scrolls of teleportation
 l - 3 scrolls of blinking {unknown}
 m - a scroll of noise {unknown}
 n - 3 scrolls of random uselessness {unknown}
Potions
 d - 2 potions of agility
 h - a potion of berserk rage {unknown}
 i - 2 potions of might {unknown}
 j - 2 potions of curing
 k - a potion of mutation
 o - a potion of heal wounds
 p - 2 potions of flight
Comestibles
 c - 5 rations
 q - 2 chunks of flesh


   Skills:
 - Level 1.7 Dodging
 - Level 1.7 Stealth
 + Level 2.0 Spellcasting
 - Level 1.0 Transmutations
 - Level 8.1 Earth Magic


You had 4 spell levels left.
You knew the following spells:

 Your Spells              Type           Power        Failure   Level  Hunger
a - Sandblast             Erth           ####..       1%          1    #......
b - Passwall              Tmut/Erth      ###.....     4%          2    ###....
c - Stone Arrow           Conj/Erth      ###...       11%         3    ###....

Your spell library contained the following spells:

 Spells                   Type           Power        Failure   Level  Hunger
 Confusing Touch          Hex            #.....       19%         1    #......
 Petrify                  Tmut/Erth      ###.....     30%         4    #####..
 Confuse                  Hex            #.......     50%         3    ###....
 Gell's Gravitas          Tloc           #.........   50%         3    ###....
 Lee's Rapid Deconstruct  Erth           ####......   19%         5    ######.
 Metabolic Englaciation   Hex/Ice        #.........   99%         5    ######.
 Yara's Violent Unravell  Hex/Tmut       #.........   99%         5    ######.


Dungeon Overview and Level Annotations

Branches:
Dungeon (5/15)             Temple (1/1) D:5           Sewer (visited)

Altars:
Ashenzari
Cheibriados
Dithmenos
Elyvilon
Gozag
Hepliaklqana
Makhleb
Nemelex Xobeh
Okawaru
Qazlal
Ru
Sif Muna
Uskayaw
Xom
Yredelemnul
Zin


Innate Abilities, Weirdness & Mutations

You can spit globs of acid.
Your golden yellow scales are hard. (AC +6)
You cannot fit into any form of body armour.
You are cold-blooded and may be slowed by cold attacks.
You are resistant to acid. (rCorr)


Message History

Aim: a jackal The stone arrow hits the jackal.
The jackal is almost dead.
The jackal bites you but does no damage.
The centaur hits you!
* * * LOW HITPOINT WARNING * * *
The jackal bites you but does no damage.
The centaur barely misses you.
Unknown command.
Unknown command.
Casting: Stone Arrow (safe; 11% risk of failure)
Confirm with . or Enter, or press ? or * to list all spells.
Aiming: Stone Arrow (safe; 11% risk of failure)
Press: ? - help, Shift-Dir - straight line, f - centaur, p - jackal
Aim: a centaur You miscast Stone Arrow.
You are very lightly contaminated with residual magic.
You feel a strange surge of energy! The centaur hits you!
You die...
Your body disappears without a glow.

..... .≈.≈... ##
#.... ≈≈≈... #.#
##.... .≈.≈$ ##..
......# .... ...
##..... #..#..# .
..#......## ..#..#
#.#... #....###...#
##.#..# #....#h.(#
#.....# #....(@c##
###....# ##.##...#
#......####......#
#.......#.....###
###.....÷.###.##
##.........##..## .
#..........#÷...#....
#.....b......).......
##)..................


You could see a centaur and a jackal.

Vanquished Creatures
  A scorpion (D:5)
  A howler monkey (D:4)
  A jelly (D:4)
  A hound (D:5)
  A bullfrog skeleton (D:4)
  An iguana (D:5)
  2 worker ants (D:5)
  2 orc wizards (D:5)
  A worker ant zombie (D:5)
  5 adders
  5 oozes
  An adder zombie (D:5)
  An adder skeleton (D:4)
  9 worms
  3 dart slugs
  5 leopard geckos
  9 orcs
  10 bats
  5 giant cockroaches
  7 goblins
  6 hobgoblins
  8 jackals
  3 quokkas
  A ball python (D:2)
  A ball python skeleton (D:5)
  3 frilled lizards
  10 kobolds
  A leopard gecko skeleton (D:5)
  4 rats
108 creatures vanquished.

Notes
Turn   | Place    | Note
-------+----------+-------------------------------------------
     0 | D:1      | vegansnacktivist the Draconian Earth Elementalist began the
                  | quest for the Orb.
     0 | D:1      | Reached XP level 1. HP: 14/14 MP: 3/3
   139 | D:1      | Reached XP level 2. HP: 13/20 MP: 5/5
   595 | D:1      | Reached skill level 4 in Earth Magic
   953 | D:2      | Reached XP level 3. HP: 25/26 MP: 3/6
   971 | D:2      | Found a shadowy altar of Dithmenos.
  1784 | D:3      | Reached skill level 5 in Earth Magic
  1784 | D:3      | Reached XP level 4. HP: 33/33 MP: 4/7
  1791 | D:3      | Learned a level 2 spell: Passwall
  1795 | D:3      | Learned a level 3 spell: Stone Arrow
  1799 | D:3      | Found a shimmering blue altar of Sif Muna.
  1906 | D:3      | Found a glowing drain.
  1943 | Sewer    | Entered a sewer
  2771 | Sewer    | Reached XP level 5. HP: 36/38 MP: 0/8
  3901 | D:4      | Reached skill level 6 in Earth Magic
  4257 | D:4      | Found a sacrificial altar of Ru.
  4267 | D:4      | Found an iron altar of Okawaru.
  4488 | D:5      | Entered Level 5 of the Dungeon
  4489 | D:5      | Found a staircase to the Ecumenical Temple.
  4510 | Temple   | Entered the Ecumenical Temple
  4774 | Temple   | Became a worshipper of Nemelex Xobeh the Trickster
  4823 | D:5      | Reached XP level 6. HP: 25/45 MP: 9/9
  5057 | D:5      | Reached skill level 7 in Earth Magic
  5067 | D:5      | Received a gift from Nemelex Xobeh
  5489 | D:5      | Reached skill level 8 in Earth Magic
  5493 | D:5      | Your scales start taking on a golden yellow colour.
  5493 | D:5      | Reached XP level 7. HP: 48/50 MP: 4/10
  5493 | D:5      | Gained mutation: You are resistant to acid. (rCorr) [Yellow
                  | Draconian growth]
  5602 | D:5      | Slain by a centaur

Skill      XL: |  1  2  3  4  5  6 |
---------------+-------------------+-----
Earth Magic    | 4 5 6 8 |  8.1
Dodging        | |  1.7
Stealth        | |  1.7
Spellcasting   | |  2.0
Transmutations | |  1.0

Action                   |  1- 3 |  4- 6 |  7- 9 || total
-------------------------+-------+-------+-------++-------
Melee: Unarmed           |    23 |       |       ||    23
       Tailslap          |    16 |    18 |       ||    34
       Dagger            |   100 |   129 |       ||   229
 Cast: Sandblast         |    25 |    90 |     1 ||   116
       Stone Arrow       |       |     9 |     1 ||    10
  Use: Scroll            |       |     9 |       ||     9
       Potion            |       |     1 |       ||     1
 Stab: Sleeping          |     3 |     4 |       ||     7
  Eat: Chunk             |     3 |    14 |     1 ||    18
Armor: Skin              |    34 |    44 |     3 ||    81
Dodge: Dodged            |    62 |    97 |     3 ||   162
